 Dungeon Crawl Stone Soup version 0.20-a0-949-g916514f (webtiles) character file.

5458 graki42 the Thaumaturge (level 10, -3/52 HPs)
             Began as a Deep Elf Fire Elementalist on Apr 4, 2017.
             Was a Priest of Vehumet.
             Slain by a two-headed ogre
             ... wielding a +0 dire flail
              (20 damage)
             ... on level 10 of the Dungeon.
             The game lasted 00:37:45 (8782 turns).

graki42 the Thaumaturge (DEFE)                      Turns: 8782, Time: 00:37:48

Health: -3/52      AC:  8    Str:  8    XL:     10   Next: 41%
Magic:  13/27      EV: 15    Int: 21    God:    Vehumet [***...]
Gold:   477        SH:  2    Dex: 15    Spells: 12/32 levels left

rFire    + . .     SeeInvis .   f - +2 dagger (venom)
rCold    + + .     Gourm    .   (no shield)
rNeg     . . .     Faith    .   O - +2 robe {rC+ rF+}
rPois    .         Spirit   .   r - +1 helmet
rElec    .         Reflect  +   K - +0 cloak
rCorr    .         Harm     .   (no gloves)
MR       +....                  l - +0 pair of boots
Stlth    +++.......             k - +2 amulet of reflection
Regen    0.2/turn               m - ring of wizardry
MPRegen  0.2/turn               y - ring of protection from cold

@: no status effects
A: no striking features
a: Renounce Religion


You were on level 10 of the Dungeon.
You worshipped Vehumet.
Vehumet was most pleased with you.
You were not hungry.

You visited 2 branches of the dungeon, and saw 11 of its levels.
You also visited: Sewer.

You collected 477 gold pieces.

Inventory:

Hand Weapons
 f - a +2 dagger of venom (weapon)
 z - a +0 rapier
Armour
 l - a +0 pair of boots (worn)
 r - a +1 helmet (worn)
 K - a +0 cloak (worn)
 M - a +0 robe of the Archmagi
 O - a +2 robe of resistance (worn)
 R - +0 steam dragon scales
Magical Staves
 I - an uncursed staff of air
Jewellery
 k - a +2 amulet of reflection (around neck)
 m - a ring of wizardry (left hand)
 y - a ring of protection from cold (right hand)
Wands
 s - a wand of lightning (6/15)
Scrolls
 g - 6 scrolls of remove curse
 o - 3 scrolls of fog {unknown}
 q - 2 scrolls of blinking {unknown}
 t - 5 scrolls of enchant armour
 B - a scroll of fear
 E - a scroll of noise
 G - 3 scrolls of teleportation {unknown}
 H - 4 scrolls of recharging {unknown}
 L - 2 scrolls of enchant weapon {unknown}
Potions
 d - 3 potions of curing
 e - 2 potions of cancellation
 h - 4 potions of flight {unknown}
 j - 2 potions of lignification {unknown}
 n - a potion of might
 p - 4 potions of haste {unknown}
 u - 2 potions of heal wounds
 v - 3 potions of agility
 w - a potion of invisibility
 x - a potion of ambrosia
 F - a potion of magic
 J - a potion of brilliance
 P - 2 potions of resistance
 S - 2 potions of mutation
Books
 b - a book of Flames

   Spells                             Type                      Level
   a - Flame Tongue                   Conjuration/Fire             1
   b - Throw Flame                    Conjuration/Fire             2
   c - Conjure Flame                  Conjuration/Fire             3
   d - Inner Flame                    Hexes/Fire                   3
   e - Sticky Flame                   Conjuration/Fire             4
   f - Fireball                       Conjuration/Fire             5
 C - a book of Changes

   Spells                             Type                      Level
   a - Beastly Appendage              Transmutation                1
   b - Sticks to Snakes               Transmutation                2
   c - Spider Form                    Transmutation/Poison         3
   d - Ice Form                       Ice/Transmutation            4
   e - Blade Hands                    Transmutation                5
 D - a book of Necromancy

   Spells                             Type                      Level
   a - Pain                           Necromancy                   1
   b - Animate Skeleton               Necromancy                   1
   c - Vampiric Draining              Necromancy                   3
   d - Regeneration                   Charms/Necromancy            3
   e - Animate Dead                   Necromancy                   4
   f - Control Undead                 Necromancy                   4
 N - a book of Callings

   Spells                             Type                      Level
   a - Summon Small Mammal            Summoning                    1
   b - Call Imp                       Summoning                    2
   c - Call Canine Familiar           Summoning                    3
   d - Summon Guardian Golem          Hexes/Summoning              3
   e - Summon Lightning Spire         Summoning/Air                4
   f - Summon Ice Beast               Ice/Summoning                4
 T - the Papyrus of Torrid Snow
   (You found it on level 9 of the Dungeon)

   Spells                             Type                      Level
   a - Sticky Flame                   Conjuration/Fire             4
   b - Summon Ice Beast               Ice/Summoning                4
   c - Ignition                       Fire                         8
Comestibles
 a - a meat ration
 c - 7 bread rations
 i - 2 chunks of flesh
 A - 6 fruits
 Q - a royal jelly


   Skills:
 + Level 1.3 Fighting
 + Level 2.1 Short Blades
 + Level 5.1 Dodging
 - Level 4.0 Stealth
 + Level 11.7 Spellcasting
 + Level 8.4 Conjurations
 + Level 2.3 Hexes
 + Level 9.8 Fire Magic


You had 12 spell levels left.
You knew the following spells:

 Your Spells              Type           Power        Failure   Level  Hunger
a - Flame Tongue          Conj/Fire      #####        1%          1    None
b - Conjure Flame         Conj/Fire      ######..     1%          3    None
c - Inner Flame           Hex/Fire       #####...     1%          3    None
d - Sticky Flame          Conj/Fire      ######..     1%          4    #......
e - Fireball              Conj/Fire      ######....   1%          5    ####...
f - Iskenderun's Mystic   Conj           #####...     1%          4    #......


Dungeon Overview and Level Annotations

Branches:
Dungeon (10/15)            Temple (1/1) D:5
   Lair: D:8-11         Orc: D:9-12

Altars:
Fedhas
Gozag
Kikubaaqudgha
Makhleb
Nemelex Xobeh
Ru
Sif Muna
Uskayaw
Vehumet
Xom


Message History

Confirm with . or Enter, or press ? or * to list all spells.
Aiming: Fireball
Press: ? - help, Shift-Dir - straight line, f - two-headed ogre
Aim: a two-headed ogre, wielding a dire flail and a giant club (hasn't noticed you)
The fireball explodes!
The fireball engulfs the two-headed ogre.
The two-headed ogre is moderately wounded.
You hear a shout! x3
Casting: Fireball
Confirm with . or Enter, or press ? or * to list all spells.
Aiming: Sticky Flame
Press: ? - help, Shift-Dir - straight line, f/p - two-headed ogre
Aim: a two-headed ogre, wielding a dire flail and a giant club (moderately wounded)
The sticky flame hits the two-headed ogre.
The two-headed ogre is moderately wounded.
The two-headed ogre is covered in liquid flames!
The two-headed ogre burns!
The two-headed ogre hits you with a dire flail!
The two-headed ogre hits you with a giant club!!
You die...

#### ##..
..####.)##
.......)@#
........O#
.........#
###..##...
##. ###..
# .#. .#..
.# .>


You could see a two-headed ogre (burning).

Vanquished Creatures
  A two-headed ogre (D:9)
  A hippogriff (D:7)
  A spriggan (D:7)
  Eustachio (D:6)
  A steam dragon (D:7)
  Duvessa (D:4)
  2 ice beasts
  2 orc warriors
  3 ogres
  2 phantoms (D:5)
  A centaur (D:4)
  Blork the orc (D:5)
  5 big kobolds (Sewer)
  4 bullfrogs
  A gnoll sergeant (D:6)
  Dowan (D:4)
  4 scorpions
  15 killer bees
  7 wights (D:6)
  2 bullfrog zombies
  A howler monkey (D:4)
  3 crimson imps
  A quasit (D:8)
  6 orc priests
  A bullfrog skeleton (D:9)
  3 hounds
  2 jellies
  5 orc wizards
  A centaur skeleton (D:7)
  2 iguanas
  4 worker ants
  A hound zombie (D:5)
  2 hound skeletons
  A worker ant zombie (D:7)
  11 gnolls
  13 adders
  2 river rats (Sewer)
  2 oozes
  An adder zombie (D:7)
  An adder skeleton (D:7)
  7 worms
  5 dart slugs
  3 leopard geckos (D:6)
  19 orcs
  9 giant cockroaches
  4 goblins
  10 hobgoblins
  A jackal (D:1)
  13 kobolds
  5 quokkas
  5 ball pythons
  3 bats
  3 frilled lizards
  14 rats
  A bush (D:4)
221 creatures vanquished.

Notes
Turn   | Place    | Note
-------+----------+-------------------------------------------
     0 | D:1      | graki42 the Deep Elf Fire Elementalist began the quest for the Orb.
     0 | D:1      | Reached XP level 1. HP: 10/10 MP: 6/6
   149 | D:1      | Reached XP level 2. HP: 15/15 MP: 4/8
   466 | D:2      | Reached XP level 3. HP: 19/19 MP: 6/9
   471 | D:2      | Learned a level 3 spell: Conjure Flame
   475 | D:2      | Learned a level 3 spell: Inner Flame
   670 | D:2      | Found a sacrificial altar of Ru.
   946 | D:2      | Reached XP level 4. HP: 24/24 MP: 8/11
  1378 | D:3      | Reached skill level 4 in Spellcasting
  1979 | D:4      | Noticed an ogre
  1982 | D:4      | Killed an ogre
  1982 | D:4      | Reached XP level 5. HP: 28/28 MP: 10/14
  1997 | D:4      | Reached skill level 5 in Spellcasting
  1997 | D:4      | Reached skill level 5 in Fire Magic
  2000 | D:4      | Noticed Dowan
  2001 | D:4      | Noticed Duvessa
  2228 | D:4      | Found a blossoming altar of Fedhas.
  2228 | D:4      | Noticed a centaur
  2383 | D:4      | Killed a centaur
  2383 | D:4      | Reached XP level 6. HP: 15/32 MP: 12/16
  2389 | D:4      | Learned a level 4 spell: Sticky Flame
  2695 | D:4      | Found a burning altar of Makhleb.
  2781 | D:4      | Killed Duvessa
  2800 | D:4      | Killed Dowan
  2883 | D:4      | Reached skill level 6 in Spellcasting
  2883 | D:4      | Reached XP level 7. HP: 36/36 MP: 13/18
  3503 | D:5      | Entered Level 5 of the Dungeon
  3541 | D:5      | Reached skill level 5 in Conjurations
  3665 | D:5      | Reached skill level 7 in Spellcasting
  3835 | D:5      | Found a staircase to the Ecumenical Temple.
  3844 | Temple   | Entered the Ecumenical Temple
  3883 | Temple   | Became a worshipper of Vehumet
  3973 | D:5      | Noticed Blork the orc
  3977 | D:5      | Reached XP level 8. HP: 34/42 MP: 10/20
  3978 | D:5      | Killed Blork the orc
  4265 | D:5      | Reached skill level 1 in Fighting
  4265 | D:5      | Reached skill level 1 in Hexes
  4282 | D:5      | Found a deep blue altar of Sif Muna.
  4514 | D:6      | Found a glowing drain.
  4537 | Sewer    | Entered a sewer
  4555 | Sewer    | Reached skill level 1 in Short Blades
  4622 | Sewer    | Reached skill level 8 in Spellcasting
  4716 | Sewer    | Reached * piety under Vehumet
  4716 | Sewer    | Offered knowledge of Shock by Vehumet.
  5194 | D:6      | Offered knowledge of Magic Dart by Vehumet.
  5273 | D:6      | Noticed Eustachio
  5333 | D:6      | Killed Eustachio
  5419 | D:6      | Reached ** piety under Vehumet
  5419 | D:6      | Reached skill level 9 in Spellcasting
  5419 | D:6      | Reached XP level 9. HP: 41/47 MP: 9/24
  5606 | D:6      | Learned a level 5 spell: Fireball
  5720 | D:6      | Found an opulent altar of Gozag.
  5723 | D:6      | Found a shimmering altar of Xom.
  5726 | D:6      | Found a hide-covered altar of Uskayaw.
  6154 | D:7      | Reached skill level 10 in Spellcasting
  6260 | D:7      | Offered knowledge of Searing Ray by Vehumet.
  6817 | D:8      | Reached *** piety under Vehumet
  6885 | D:8      | Found a sparkling altar of Nemelex Xobeh.
  7004 | D:8      | Reached XP level 10. HP: 43/52 MP: 8/26
  7006 | D:8      | Reached skill level 11 in Spellcasting
  7858 | D:9      | Offered knowledge of Iskenderun's Mystic Blast by Vehumet.
  7858 | D:9      | Reached skill level 5 in Dodging
  7864 | D:9      | Learned a level 4 spell: Iskenderun's Mystic Blast
  8182 | D:9      | Identified the Papyrus of Torrid Snow
  8508 | D:10     | Entered Level 10 of the Dungeon
  8510 | D:10     | Noticed a two-headed ogre
  8677 | D:10     | Noticed a two-headed ogre
  8715 | D:10     | Noticed a two-headed ogre
  8728 | D:9      | Killed a two-headed ogre
  8782 | D:10     | Slain by a two-headed ogre

Vault maps used:
D:1:      erik_arrival_triangle_medium
D:2:      minivault_24, minmay_fountain_box, nicolae_ru_sacrificial_ziggurat
D:4:      old_standard_altar, fedhas_bush_and_centaur_altar, uniq_duvessa
D:5:      lemuel_coloured_pillars_altar, minmay_temple_entry_crystal_x,
          first_bread, sigmund_army, uniq_blork_the_orc
D:6:      grunt_temple_overflow_diamond, portal_sewer_entry_f, sword_in_stone
D:7:      the_bakery
D:8:      nemelex_xobeh_ov_fountains_minmay, nicolae_zen_rock_garden
D:10:     kennysheep_steamy, lair_entry_dummy, hiddenorc2_lemuel, uniq_joseph
Temple:   regret_index_temple_generic_petals
Sewer:    sewer_co_tree

Skill      XL: |  1  2  3  4  5  6  7  8  9 10 |
---------------+-------------------------------+-----
Fire Magic     | 4 5 6 7 9 |  9.8
Dodging        | 3 4 5 |  5.1
Spellcasting   | 4 5 6 7 9 10 11 | 11.7
Conjurations   | 3 4 5 6 7 8 |  8.4
Stealth        | 3 4 |  4.0
Fighting       | 1 |  1.3
Hexes          | 1 2 |  2.3
Short Blades   | 2 |  2.1

Action                   |  1- 3 |  4- 6 |  7- 9 | 10-12 || total
-------------------------+-------+-------+-------+-------++-------
Melee: Dagger            |     1 |     7 |    52 |    13 ||    73
 Cast: Flame Tongue      |    57 |    70 |   224 |    39 ||   390
       Conjure Flame     |       |     2 |     8 |     2 ||    12
       Sticky Flame      |       |     1 |    28 |    12 ||    41
       Inner Flame       |       |       |     5 |     1 ||     6
       Fireball          |       |       |     8 |     8 ||    16
       Iskenderun's Myst |       |       |       |     1 ||     1
  Use: Scroll            |       |     2 |    12 |     4 ||    18
 Stab: Sleeping          |     1 |       |       |       ||     1
  Eat: Chunk             |       |     6 |    16 |     7 ||    29
Armor: Robe              |     1 |     2 |    26 |    10 ||    39
Dodge: Dodged            |     4 |    10 |    78 |    30 ||   122
Block: Other             |       |     1 |     5 |     3 ||     9
